 Dungeon Crawl Stone Soup version 0.24-a0-29-g43a6aff (console) character file.

Game seed: 15666327672674418202

24 Duffy the Chopper (level 3, 30/32 HPs)
             Began as a Naga Gladiator on Feb 2, 2019.
             Quit the game on level 2 of the Dungeon.
             The game lasted 00:01:42 (1362 turns).

Duffy the Chopper (Naga Gladiator)                  Turns: 1362, Time: 00:01:43

Health: 30/32      AC:  7    Str: 17    XL:     3   Next: 2%
Magic:  3/3        EV:  5    Int:  8    God:
Gold:   18         SH:  0    Dex: 12    Spells: 2/2 levels left

rFire    . . .     SeeInvis +   a - +0 war axe
rCold    . . .     Gourm    .   (no shield)
rNeg     . . .     Faith    .   b - +0 chain mail
rPois    +         Spirit   .   c - +1 helmet
rElec    .         Reflect  .   (no cloak)
rCorr    .         Harm     .   (no gloves)
MR       .....     Rnd*Tele +   (no barding)
Stlth    ..........             (no amulet)
HPRegen  0.10/turn              g - ring of teleportation (curse)
MPRegen  0.08/turn              (no ring)

@: very slow
A: large, see invisible, deformed body, poison resistance, slowness 2, slow
metabolism 1, spit poison 1, AC +1
a: Spit Poison


You were on level 2 of the Dungeon.
You were not hungry.

You visited 1 branch of the dungeon, and saw 2 of its levels.

You collected 18 gold pieces.

Inventory:

Hand Weapons
 a - a +0 war axe (weapon)
Missiles
 d - 3 throwing nets (quivered)
Armour
 b - a +0 chain mail (worn)
 c - a +1 helmet (worn)
Jewellery
 g - a cursed ring of teleportation (left hand)
Scrolls
 h - a scroll of magic mapping
Potions
 j - a potion of ambrosia {unknown}
 k - a potion of degeneration {unknown}
 l - 2 potions of flight {unknown}
Comestibles
 f - 2 rations


   Skills:
 - Level 2.0 Fighting
 + Level 4.1 Axes
 - Level 1.7 Throwing
 - Level 2.4 Dodging


You had 2 spell levels left.
You didn't know any spells.
Your spell library was empty.

Dungeon Overview and Level Annotations

Branches:
Dungeon (2/15)

Altars:


Innate Abilities, Weirdness & Mutations

You cannot wear boots.
Your serpentine skin is tough. (AC +1)
You have supernaturally acute eyesight. (SInv)
Armour fits poorly on your strangely shaped body.
Your system is resistant to poisons. (rPois)
You cover ground very slowly.
You have a slow metabolism.
You can spit poison.


Message History

You butcher the goblin corpse.
l - a chunk of flesh You see here a goblin skeleton. x2
Eating a chunk of flesh.
You eat the chunk of flesh.
This raw flesh tastes terrible.
l - 2 silvery potions A bat comes into view.
As you read the scroll labeled GONIERHIKK, it crumbles to dust.
It is a scroll of identify.
h - a scroll of magic mapping The bat barely misses you.
As you read the scroll labeled ZEIMESHROUL, it crumbles to dust.
It is a scroll of enchant armour.
Your +0 helmet glows green for a moment.
The bat hits you. x2
Are you sure you want to abandon this character and quit the game? (Confirm with "yes".)
Okay, then.
Unknown command.
Unknown command.
Are you sure you want to abandon this character and quit the game? (Confirm with "yes".)

#####...###...###.# ...
....<.#.........#.# ....
#####...###.%...#.#.....
##.## ##..(.#.#....
#.####.........#
#............###
#####........#
#.##...#.##.#... #.
#...#@b...... #.
###.####.#### #.# # ..#
###


You could see a bat.

Vanquished Creatures
  An ooze (D:1)
  3 bats (D:1)
  A giant cockroach (D:1)
  A ball python (D:1)
  4 frilled lizards (D:1)
  4 goblins
  2 kobolds (D:1)
  8 rats (D:1)
24 creatures vanquished.

Notes
Turn   | Place    | Note
-------+----------+-------------------------------------------
     0 | D:1      | Duffy the Naga Gladiator began the quest for the Orb.
     0 | D:1      | Reached XP level 1. HP: 19/19 MP: 1/1
   431 | D:1      | Reached XP level 2. HP: 18/26 MP: 2/2
   945 | D:1      | Reached skill level 4 in Axes
  1330 | D:2      | Reached XP level 3. HP: 31/32 MP: 3/3
  1362 | D:2      | Quit the game

Vault maps used:
D:1:      mrwooster_arrival_arrow
D:2:      nicolae_ashenzari_panopticon, xom_teletrap_fun, old_standard_altar,
          serial_rivers, chequers_serial_rivers_micro_a,
          chequers_serial_rivers_room_b, chequers_serial_rivers_room_b,
          chequers_serial_rivers_micro_e, chequers_serial_rivers_marsh,
          chequers_serial_rivers_small_a, chequers_ecumenical_altar_island

Skill      XL: |  1  2 |
---------------+-------+-----
Axes           | 4 |  4.1
Fighting       | |  2.0
Throwing       | |  1.7
Dodging        | |  2.4

Action                   || total
-------------------------++-------
Melee: War axe           ||    63
 Abil: Spit Poison       ||     1
  Use: Scroll            ||     2
 Stab: Sleeping          ||     1
  Eat: Chunk             ||     1
Armor: Ring mail         ||    30
       Leather armour    ||     1
       Chain mail        ||     1
Dodge: Dodged            ||    37

Table legend:
 A = Non-vault XP
 B = Vault XP
 C = Vault XP percentage of total XP
 D = Non-vault monster count
 E = Vault monster count
 F = Vault count percentage of total count
                 A         B        C        D         E       F
            +---------+---------+-------+---------+---------+-------
      Total |      35 |       0 |   0.0 |      24 |       0 |   0.0
            +---------+---------+-------+---------+---------+-------
        D:1 |      33 |       0 |   0.0 |      23 |       0 |   0.0
        D:2 |       2 |       0 |   0.0 |       1 |       0 |   0.0
            +---------+---------+-------+---------+---------+-------
